IL
ALBUQUERQUE ISOTOPES @ SYRACUSE CHIEFS
07/16/2044
 
TOP OF THE 1ST
Albuquerque Isotopes batting - Pitching for Syracuse Chiefs : RHP Jimmy Tasso
Pitching: RHP Jimmy Tasso
Batting: LHB Tony Morales 0-0: Foul Ball, location: 2F
0-1: Called Strike
0-2: Ball
1-2: Ball
2-2: Ball
3-2: Foul Ball, location: 2F
3-2: Foul Ball, location: 2F
3-2: SINGLE (Line Drive, 4M, EV 105.0 MPH)
Batting: LHB Tetsuya Oba 0-0: Called Strike
0-1: Foul Ball, location: 2F
0-2: Foul Ball, location: 2F
0-2: Grounds out, U3 (Groundball, 3L, EV 78.1 MPH)
Batting: SHB Pat Wilson 0-0: Called Strike
0-1: Called Strike
0-2: Ball
1-2: Ball
2-2: Ball
3-2: Base on Balls
Batting: RHB Jerry Castro 0-0: SINGLE (Groundball, 5D, EV 100.0 MPH)
Tony Morales to third
Pat Wilson to second
Runner from 3rd tries for Home, SAFE, throw by LF to home
Batting: RHB Ron Johansen 0-0: Called Strike
Pat Wilson steals 3rd base
Jerry Castro to second
0-1: Swinging Strike
0-2: Ball
1-2: Strikes out looking
Pitching: RHP Jose Barreras
Batting: LHB Enrique Andrade 0-0: Ball
1-0: Ball
2-0: Ball
3-0: Base on Balls
Batting: RHB Ben Alspach 0-0: Swinging Strike
0-1: Swinging Strike
0-2: Ball
1-2: Fly out, F7 (Line Drive, 7, EV 84.4 MPH)
Top of the 1st over - 1 run, 2 hits, 0 errors, 3 left on base; Albuquerque 1 - Syracuse 0
BOTTOM OF THE 1ST
Syracuse Chiefs batting - Pitching for Albuquerque Isotopes : LHP Justin Miller
Pitching: LHP Justin Miller
Batting: RHB Niek de Haan 0-0: Foul Ball, location: 2F
0-1: Swinging Strike
0-2: Fly out, F7 (Line Drive, 7, EV 110.0 MPH)
Batting: RHB Danny Gerardo 0-0: Ball
1-0: SINGLE (Flyball, 34D, EV 87.5 MPH)
Batting: LHB Dillon Gonzalez 0-0: Ball
1-0: Called Strike
1-1: Called Strike
1-2: Foul Ball, location: 2F
1-2: Ball
2-2: Ball
3-2: 2-RUN HOME RUN (Flyball, 9D, EV 95.0 MPH), Distance : 358 ft
Batting: RHB Ben Welt 0-0: Called Strike
0-1: Ball
1-1: Ground out 4-3 (Groundball, 34, EV 88.8 MPH)
Batting: RHB Ke-yue Hong 0-0: Swinging Strike
0-1: Swinging Strike
0-2: Ball
1-2: Ground out 6-3 (Groundball, 6, EV 95.6 MPH)
Bottom of the 1st over - 2 runs, 2 hits, 0 errors, 0 left on base; Albuquerque 1 - Syracuse 2
TOP OF THE 2ND
Albuquerque Isotopes batting - Pitching for Syracuse Chiefs : RHP Jose Barreras
Batting: RHB Nate Carrell 0-0: Fly out, F2 (Popup, 2RF, EV 88.8 MPH)
Batting: RHB Josh Baker 0-0: Foul Ball, location: 2F
0-1: Swinging Strike
0-2: Foul Ball, location: 2F
0-2: Ball
1-2: Ball
2-2: Foul Ball, location: 2F
2-2: Hit by Pitch
Batting: LHB Tony Morales 0-0: Ball
1-0: Foul Ball, location: 2F
1-1: Called Strike
1-2: Ball
2-2: Foul Ball, location: 2F
2-2: SINGLE (Groundball, 25, EV 74.4 MPH) (infield hit)
Josh Baker to second
Batting: LHB Tetsuya Oba 0-0: Swinging Strike
0-1: Ball
1-1: Foul Ball, location: 2F
1-2: Foul Ball, location: 2F
1-2: Ball
2-2: Grounds into double play, 4-6-3 (Groundball, 34, EV 98.1 MPH)
Top of the 2nd over - 0 runs, 1 hit, 0 errors, 1 left on base; Albuquerque 1 - Syracuse 2
BOTTOM OF THE 2ND
Syracuse Chiefs batting - Pitching for Albuquerque Isotopes : LHP Justin Miller
Batting: RHB Ryan Short 0-0: Ball
1-0: Foul Ball, location: 2F
1-1: Ball
2-1: Ball
3-1: SINGLE (Groundball, 5S, EV 64.4 MPH) (infield hit)
Batting: RHB Ryota Tenno 0-0: Ball
Wild Pitch!
Ryan Short to second
1-0: Ball
2-0: Fly out, F9 (Flyball, 9LD, EV 90.6 MPH)
Runner from 2nd tags up, SAFE at 3rd, no throw by RF
Batting: LHB Dana McDonald 0-0: Fly out, F8 (Flyball, 8RXD, EV 105.6 MPH)
Runner from 3rd tags up, SCORES, no throw by CF
Batting: RHB Josh Lykins 0-0: DOUBLE (Line Drive, 9LS, EV 87.5 MPH)
Batting: RHB Niek de Haan 0-0: Foul Ball, location: 2F
0-1: Called Strike
0-2: Ball
1-2: SINGLE (Groundball, 5L, EV 85.0 MPH) (infield hit)
Josh Lykins to third
Batting: RHB Danny Gerardo 0-0: Called Strike
0-1: Ball
1-1: Ball
Wild Pitch!
Josh Lykins scores
Niek de Haan to second
2-1: Ball
3-1: Ground out 4-3 (Groundball, 4, EV 99.4 MPH)
Bottom of the 2nd over - 2 runs, 3 hits, 0 errors, 1 left on base; Albuquerque 1 - Syracuse 4
TOP OF THE 3RD
Albuquerque Isotopes batting - Pitching for Syracuse Chiefs : RHP Jose Barreras
Batting: SHB Pat Wilson 0-0: Ball
1-0: Called Strike
1-1: Ball
2-1: Foul Ball, location: 2F
2-2: SINGLE (Line Drive, 4MD, EV 94.4 MPH)
Batting: RHB Jerry Castro 0-0: Ball
1-0: Ball
2-0: Ball
Wild Pitch!
Pat Wilson to second
3-0: Called Strike
3-1: Ground out 4-3 (Groundball, 4S, EV 90.0 MPH)
Pat Wilson to third
Batting: RHB Ron Johansen 0-0: Called Strike
0-1: Ground out 5-3 (Groundball, 56S, EV 61.9 MPH)
Pat Wilson scores
Batting: LHB Enrique Andrade 0-0: Hit by Pitch
Batting: RHB Ben Alspach 0-0: Called Strike
0-1: Ball
Enrique Andrade is caught stealing 2nd base 2-4
Top of the 3rd over - 1 run, 1 hit, 0 errors, 0 left on base; Albuquerque 2 - Syracuse 4
BOTTOM OF THE 3RD
Syracuse Chiefs batting - Pitching for Albuquerque Isotopes : LHP Justin Miller
Batting: LHB Dillon Gonzalez 0-0: Ball
1-0: Foul Ball, location: 2F
1-1: Ball
2-1: Foul Ball, location: 2F
2-2: Ground out 4-3 (Groundball, 4, EV 101.9 MPH)
Batting: RHB Ben Welt 0-0: Ball
1-0: Ground out U3 (Groundball, 34S, EV 88.8 MPH)
Batting: RHB Ke-yue Hong 0-0: DOUBLE (Line Drive, 89XD, EV 113.1 MPH)
Batting: RHB Ryan Short 0-0: Ball
1-0: Called Strike
1-1: Ball
2-1: Foul Ball, location: 2F
2-2: Foul Ball, location: 2F
2-2: Ball
3-2: Foul Ball, location: 2F
3-2: Ground out 6-3 (Groundball, 6S, EV 87.5 MPH)
Bottom of the 3rd over - 0 runs, 1 hit, 0 errors, 1 left on base; Albuquerque 2 - Syracuse 4
TOP OF THE 4TH
Albuquerque Isotopes batting - Pitching for Syracuse Chiefs : RHP Jose Barreras
Batting: RHB Ben Alspach 0-0: Ground out 5-3 (Groundball, 56, EV 78.8 MPH)
Batting: RHB Nate Carrell 0-0: Fly out, F8 (Line Drive, 8RD, EV 90.0 MPH)
Batting: RHB Josh Baker 0-0: Ball
1-0: Foul Ball, location: 2F
1-1: Ball
2-1: Swinging Strike
2-2: Strikes out swinging
Top of the 4th over - 0 runs, 0 hits, 0 errors, 0 left on base; Albuquerque 2 - Syracuse 4
BOTTOM OF THE 4TH
Syracuse Chiefs batting - Pitching for Albuquerque Isotopes : LHP Justin Miller
Batting: RHB Ryota Tenno 0-0: Ball
1-0: Called Strike
1-1: Fly out, F8 (Flyball, 8LS, EV 91.9 MPH)
Batting: LHB Dana McDonald 0-0: Ball
1-0: Fly out, F1 (Line Drive, P, EV 73.8 MPH)
Batting: RHB Josh Lykins 0-0: Called Strike
0-1: Ball
1-1: Ball
2-1: Swinging Strike
2-2: Strikes out swinging
Bottom of the 4th over - 0 runs, 0 hits, 0 errors, 0 left on base; Albuquerque 2 - Syracuse 4
TOP OF THE 5TH
Albuquerque Isotopes batting - Pitching for Syracuse Chiefs : RHP Jose Barreras
Batting: LHB Tony Morales 0-0: Ball
1-0: Swinging Strike
1-1: Foul Ball, location: 2F
1-2: Ball
2-2: Foul Ball, location: 2F
2-2: Ball
3-2: Ground out U3 (Groundball, 34S, EV 84.4 MPH)
Batting: LHB Tetsuya Oba 0-0: Called Strike
0-1: SINGLE (Groundball, 4MD, EV 96.3 MPH)
Batting: SHB Pat Wilson 0-0: Ball
1-0: Ball
2-0: Ball
Tetsuya Oba steals 2nd base
3-0: Called Strike
3-1: Called Strike
3-2: Ground out U3 (Groundball, 3, EV 95.0 MPH)
Tetsuya Oba to third
Batting: RHB Jerry Castro 0-0: Ball
1-0: Ball
2-0: Ball
3-0: Called Strike
3-1: Base on Balls
Pitching: LHP James Knapp
Batting: RHB Ron Johansen 0-0: Ball
1-0: Called Strike
1-1: Called Strike
1-2: Ball
2-2: Strikes out swinging
Top of the 5th over - 0 runs, 1 hit, 0 errors, 2 left on base; Albuquerque 2 - Syracuse 4
BOTTOM OF THE 5TH
Syracuse Chiefs batting - Pitching for Albuquerque Isotopes : LHP Justin Miller
Batting: RHB Niek de Haan 0-0: Ball
1-0: Foul Ball, location: 2F
1-1: Ball
2-1: SINGLE (Line Drive, 3D, EV 97.5 MPH)
Batting: RHB Danny Gerardo 0-0: Fly out, F7 (Flyball, 7S, EV 83.1 MPH)
Batting: LHB Dillon Gonzalez 0-0: Ball
1-0: SINGLE (Groundball, 56D, EV 99.4 MPH)
Niek de Haan to second
Batting: RHB Ben Welt 0-0: Ball
Niek de Haan is caught stealing 3rd base 2-5
Dillon Gonzalez to second
1-0: Swinging Strike
1-1: 2-RUN HOME RUN (Flyball, 89XD, EV 103.8 MPH), Distance : 410 ft
Pitching: LHP Tyler Adams
Batting: RHB Ke-yue Hong 0-0: Called Strike
0-1: Foul Ball, location: 2F
0-2: Strikes out swinging
Bottom of the 5th over - 2 runs, 3 hits, 0 errors, 0 left on base; Albuquerque 2 - Syracuse 6
TOP OF THE 6TH
Albuquerque Isotopes batting - Pitching for Syracuse Chiefs : LHP James Knapp
Batting: LHB Enrique Andrade 0-0: Ball
1-0: Called Strike
1-1: Foul Ball, location: 2F
1-2: Ball
2-2: Ball
3-2: Ground out 6-3 (Groundball, 6, EV 83.1 MPH)
Batting: RHB Ben Alspach 0-0: Ball
1-0: Foul Ball, location: 2F
1-1: Fly out, F9 (Flyball, 89D, EV 96.3 MPH)
Batting: RHB Nate Carrell 0-0: SINGLE (Groundball, 56D, EV 95.0 MPH)
Batting: RHB Josh Baker 0-0: Foul Ball, location: 2F
0-1: Swinging Strike
0-2: DOUBLE (Flyball, 8LXD, EV 94.4 MPH)
Nate Carrell to third
Runner from 3rd tries for Home, SAFE, throw by CF to trailing runner, SAFE at third!
Batting: LHB Tony Morales 0-0: Called Strike
0-1: Called Strike
0-2: Foul Ball, location: 2F
0-2: Strikes out swinging
Top of the 6th over - 1 run, 2 hits, 0 errors, 1 left on base; Albuquerque 3 - Syracuse 6
BOTTOM OF THE 6TH
Syracuse Chiefs batting - Pitching for Albuquerque Isotopes : LHP Tyler Adams
Batting: RHB Ryan Short 0-0: Called Strike
0-1: Ball
1-1: Called Strike
1-2: Foul Ball, location: 2F
1-2: Ball
2-2: Ball
3-2: Foul Ball, location: 2F
3-2: Foul Ball, location: 2F
3-2: DOUBLE (Groundball, 5L, EV 103.8 MPH)
Batting: RHB Ryota Tenno 0-0: Ball
1-0: Foul Ball, location: 2F
1-1: Ball
2-1: DOUBLE (Line Drive, 78D, EV 106.3 MPH)
Ryan Short scores
Batting: LHB Dana McDonald 0-0: Ball
1-0: Ball
2-0: Ball
3-0: Called Strike
3-1: Foul Ball, location: 2F
3-2: DOUBLE (Line Drive, 3D, EV 99.4 MPH)
Ryota Tenno scores
Batting: RHB Josh Lykins 0-0: Ball
1-0: SINGLE (Flyball, 8LS, EV 91.3 MPH)
Dana McDonald to third
Batting: RHB Niek de Haan 0-0: Called Strike
0-1: Called Strike
0-2: Ball
1-2: Foul Ball, location: 2F
1-2: Foul Ball, location: 2F
1-2: Fielders Choice at 2nd, 3-6 (Groundball, 34S, EV 78.8 MPH)
Dana McDonald scores
Batting: RHB Danny Gerardo 0-0: Ball
1-0: Called Strike
1-1: Foul Ball, location: 2F
1-2: Grounds into double play, 4-6-3 (Groundball, 4S, EV 88.1 MPH)
Bottom of the 6th over - 3 runs, 4 hits, 0 errors, 0 left on base; Albuquerque 3 - Syracuse 9
TOP OF THE 7TH
Albuquerque Isotopes batting - Pitching for Syracuse Chiefs : LHP James Knapp
Batting: LHB Tetsuya Oba 0-0: Ball
1-0: Ground out 4-3 (Groundball, 4S, EV 83.8 MPH)
Batting: SHB Pat Wilson 0-0: Called Strike
0-1: Ball
1-1: Called Strike
1-2: Strikes out swinging
Batting: RHB Jerry Castro 0-0: Swinging Strike
0-1: Ball
1-1: Foul Ball, location: 2F
1-2: SINGLE (Groundball, 6MD, EV 97.5 MPH)
Batting: RHB Ron Johansen 0-0: Called Strike
Jerry Castro steals 2nd base
0-1: Ball
1-1: Ground out 5-3 (Groundball, 56, EV 78.8 MPH)
Top of the 7th over - 0 runs, 1 hit, 0 errors, 1 left on base; Albuquerque 3 - Syracuse 9
BOTTOM OF THE 7TH
Syracuse Chiefs batting - Pitching for Albuquerque Isotopes : LHP Tyler Adams
Batting: LHB Dillon Gonzalez 0-0: Called Strike
0-1: Ground out 5-3 (Groundball, 56, EV 108.1 MPH)
Batting: RHB Ben Welt 0-0: Foul Ball, location: 2F
0-1: Foul Ball, location: 2F
0-2: Foul Ball, location: 2F
0-2: Ball
1-2: Fly out, F9 (Flyball, 9LD, EV 103.8 MPH)
Batting: RHB Ke-yue Hong 0-0: Ball
1-0: Fly out, F7 (Flyball, 7D, EV 78.8 MPH)
Bottom of the 7th over - 0 runs, 0 hits, 0 errors, 0 left on base; Albuquerque 3 - Syracuse 9
TOP OF THE 8TH
Albuquerque Isotopes batting - Pitching for Syracuse Chiefs : LHP James Knapp
Batting: LHB Enrique Andrade 0-0: Ball
1-0: Ball
2-0: Ball
3-0: Base on Balls
Pitching: RHP Daniel Humphrey
Batting: RHB Ben Alspach 0-0: Called Strike
0-1: Called Strike
0-2: Ball
1-2: Ball
2-2: Ball
3-2: Fly out, F5 (Line Drive, 5, EV 66.3 MPH)
Batting: RHB Nate Carrell 0-0: Called Strike
0-1: Called Strike
0-2: Ball
1-2: Foul Ball, location: 2F
1-2: SINGLE (Groundball, 6D, EV 100.0 MPH)
Enrique Andrade to second
Batting: RHB Josh Baker 0-0: Foul Ball, location: 2F
0-1: Ball
1-1: Ball
2-1: Ball
3-1: Base on Balls
Enrique Andrade to third
Nate Carrell to second
Batting: LHB Tony Morales 0-0: Ball
1-0: Foul Ball, location: 2F
1-1: Ball
2-1: Ball
3-1: Foul Ball, location: 2F
3-2: SINGLE (Groundball, 4MD, EV 96.3 MPH)
Enrique Andrade scores
Nate Carrell to third
Josh Baker to second
Pitching: RHP Johnny Marquez
Batting: LHB Tetsuya Oba 0-0: Ball
1-0: Called Strike
1-1: Fly out, F9 (Flyball, 89S, EV 87.5 MPH)
Batting: SHB Pat Wilson 0-0: Ball
1-0: SINGLE (Flyball, 8LS, EV 90.0 MPH)
Nate Carrell scores
Josh Baker to third
Tony Morales to second
Batting: RHB Jerry Castro 0-0: Fielders Choice at 2nd, 5-4 (Groundball, 56, EV 108.8 MPH)
Top of the 8th over - 2 runs, 3 hits, 0 errors, 3 left on base; Albuquerque 5 - Syracuse 9
BOTTOM OF THE 8TH
Syracuse Chiefs batting - Pitching for Albuquerque Isotopes : LHP Tyler Adams
Pitching: RHP Ernie Schmutz
Batting: RHB Ryan Short 0-0: SINGLE (Groundball, 4D, EV 100.0 MPH)
Batting: RHB Ryota Tenno 0-0: Called Strike
0-1: Swinging Strike
0-2: Foul Ball, location: 2F
0-2: SINGLE (Groundball, 4D, EV 102.5 MPH)
Ryan Short to second
Runner from 2nd tries for 3rd, SAFE, throw by CF made to third
Batting: LHB Dana McDonald 0-0: Ball
Ryota Tenno steals 2nd, throwing error, E2
Ryan Short scores
Ryota Tenno to third
1-0: Foul Ball, location: 2F
1-1: Ball
2-1: Ball
3-1: Fly out, F8 (Flyball, 78XD, EV 106.3 MPH)
Runner from 3rd tags up, SCORES, no throw by CF
Batting: RHB Josh Lykins 0-0: Ball
1-0: Called Strike
1-1: Swinging Strike
1-2: Foul Ball, location: 2F
1-2: Ball
2-2: Strikes out swinging
Batting: RHB Niek de Haan 0-0: Foul Ball, location: 2F
0-1: Foul Ball, location: 2F
0-2: Foul Ball, location: 2F
0-2: SINGLE (Groundball, 56D, EV 103.1 MPH)
Batting: RHB Danny Gerardo 0-0: DOUBLE (Flyball, 89D, EV 96.3 MPH)
Niek de Haan to third
Runner from 3rd tries for Home, throw by CF and OUT! 8-4-2
Bottom of the 8th over - 2 runs, 4 hits, 1 error, 1 left on base; Albuquerque 5 - Syracuse 11
TOP OF THE 9TH
Albuquerque Isotopes batting - Pitching for Syracuse Chiefs : RHP Johnny Marquez
Batting: RHB Ron Johansen 0-0: Called Strike
0-1: Ball
1-1: Ground out 5-3 (Groundball, 15, EV 87.5 MPH)
Batting: LHB Enrique Andrade 0-0: Ball
1-0: Called Strike
1-1: Ball
2-1: Foul Ball, location: 2F
2-2: Ball
3-2: Ground out 6-3 (Groundball, 4MS, EV 94.4 MPH)
Batting: RHB Ben Alspach 0-0: Swinging Strike
0-1: Foul Ball, location: 2F
0-2: Ball
1-2: Strikes out swinging
Top of the 9th over - 0 runs, 0 hits, 0 errors, 0 left on base; Albuquerque 5 - Syracuse 11
Thursday, March 31st , 2022 - OOTP Baseball 22.12 Build 89